[ AOE2 MATCH · #464123792 ]
Team RMRomans vs Franks
[ REPLAY ANALYSIS · EXTRACTED FROM THE RECORDED GAME ]
Feudal
13:54
Castle
19:30
Imperial
37:18
| APM avg | 14.9 |
| APM peak | 43 |
| eAPM avg | 12.8 |
| Villagers / military | 134 / 106 |
Focus
⚔️ 31.6% · 🌾 68.4%
Scorpion ×56 · Spearman ×25 · Centurion ×21 · Trade Cart ×10 · Trebuchet (Packed) ×3 · Monk ×1
Feudal
10:10
Castle
28:37
Imperial
—
| APM avg | 11.2 |
| APM peak | 32 |
| eAPM avg | 8.5 |
| Villagers / military | 71 / 66 |
Focus
⚔️ 34.1% · 🌾 65.9%
Archer ×32 · Throwing Axeman ×25 · Trade Cart ×12 · Spearman ×7 · Knight ×2
Feudal
—
Castle
—
Imperial
—
| APM avg | 10.6 |
| APM peak | 30 |
| eAPM avg | 7.6 |
| Villagers / military | 85 / 74 |
Focus
⚔️ 19.4% · 🌾 80.6%
Berserk ×30 · Knight ×24 · Spearman ×15 · Trade Cart ×10 · Battering Ram ×5
Feudal
12:17
Castle
19:17
Imperial
32:41
| APM avg | 23.6 |
| APM peak | 62 |
| eAPM avg | 15.8 |
| Villagers / military | 163 / 128 |
Focus
⚔️ 34.5% · 🌾 65.5%
Longbowman ×122 · Trebuchet (Packed) ×4 · Monk ×2
Match map
Initial resources + every placement click. Lines = walls · curves = elevation contours. ◆ gold · ⬟ stone · ● berries · ✦ relic · ◌ wall gap
Inputs per minute
— apfelkuchen123 - - Sushi
Build order — apfelkuchen123
First 150 of 395 actions detected
| 0:04 | Build | House |
| 0:05 | Build | House |
| 0:07 | Create | Villager (Male) |
| 0:07 | Create | Villager (Male) |
| 0:07 | Create | Villager (Male) |
| 0:49 | Create | Villager (Male) |
| 0:49 | Create | Villager (Male) |
| 1:39 | Create | Villager (Male) |
| 1:40 | Create | Villager (Male) |
| 1:55 | Build | Lumber Camp |
| 2:04 | Create | Villager (Male) |
| 2:32 | Create | Villager (Male) |
| 3:00 | Create | Villager (Male) |
| 3:16 | Build | Building 796 |
| 3:21 | Create | Villager (Male) |
| 3:53 | Create | Villager (Male) |
| 3:53 | Create | Villager (Male) |
| 3:56 | Build | House |
| 4:08 | Create | Villager (Male) |
| 4:08 | Create | Villager (Male) |
| 4:28 | Create | Villager (Male) |
| 4:57 | Build | House |
| 5:00 | Build | House |
| 5:01 | Build | House |
| 5:11 | Build | House |
| 5:15 | Build | House |
| 5:17 | Build | House |
| 5:19 | Create | Villager (Male) |
| 5:20 | Create | Villager (Male) |
| 5:20 | Create | Villager (Male) |
| 5:42 | Create | Villager (Male) |
| 6:18 | Create | Villager (Male) |
| 6:47 | Build | Mill |
| 6:59 | Create | Villager (Male) |
| 6:59 | Create | Villager (Male) |
| 7:34 | Create | Villager (Male) |
| 7:34 | Create | Villager (Male) |
| 7:45 | Create | Villager (Male) |
| 7:46 | Create | Villager (Male) |
| 8:32 | Create | Villager (Male) |
| 9:10 | Build | Mill |
| 9:20 | Create | Villager (Male) |
| 9:52 | Build | Barracks |
| 9:56 | Create | Villager (Male) |
| 10:14 | Create | Villager (Male) |
| 10:32 | Build | Mining Camp |
| 10:37 | Build | Farm |
| 10:39 | Build | Farm |
| 10:41 | Build | Farm |
| 10:44 | Create | Villager (Male) |
| 10:50 | Build | Farm |
| 10:52 | Build | Farm |
| 10:56 | Create | Villager (Male) |
| 11:29 | Build | Barracks |
| 11:35 | Research | Feudal Age |
| 11:50 | Build | Farm |
| 12:03 | Research | Loom |
| 12:04 | Create | Villager (Male) |
| 12:06 | Create | Villager (Male) |
| 13:54 | Age | Feudal Age |
| 14:00 | Research | Double-Bit Axe |
| 14:08 | Build | Market |
| 14:18 | Build | Blacksmith |
| 14:29 | Build | Mining Camp |
| 14:42 | Create | Spearman |
| 14:42 | Create | Spearman |
| 14:54 | Build | Farm |
| 14:55 | Build | Farm |
| 14:57 | Create | Villager (Male) |
| 14:57 | Create | Villager (Male) |
| 15:16 | Create | Trade Cart |
| 15:24 | Build | House |
| 15:25 | Build | House |
| 15:35 | Create | Spearman |
| 15:35 | Create | Spearman |
| 15:48 | Create | Villager (Male) |
| 15:48 | Create | Villager (Male) |
| 15:52 | Research | Horse Collar |
| 16:08 | Build | Farm |
| 16:21 | Build | Farm |
| 16:50 | Research | Castle Age |
| 17:10 | Build | Archery Range |
| 17:19 | Create | Villager (Male) |
| 17:44 | Build | Farm |
| 17:48 | Build | Farm |
| 17:54 | Build | Farm |
| 17:57 | Create | Villager (Male) |
| 18:43 | Build | Farm |
| 18:53 | Build | Farm |
| 18:56 | Build | Farm |
| 19:16 | Research | Forging |
| 19:18 | Research | Scale Mail Armor |
| 19:19 | Research | Padded Archer Armor |
| 19:20 | Research | Fletching |
| 19:24 | Research | Stone Mining |
| 19:25 | Research | Gold Mining |
| 19:30 | Age | Castle Age |
| 19:34 | Create | Villager (Male) |
| 19:42 | Build | Farm |
| 19:52 | Build | Farm |
| 19:59 | Build | Farm |
| 20:21 | Build | Farm |
| 20:24 | Create | Villager (Male) |
| 20:24 | Create | Villager (Male) |
| 20:55 | Create | Villager (Male) |
| 21:08 | Research | Bow Saw |
| 21:14 | Research | Heavy Plow |
| 21:28 | Create | Villager (Male) |
| 21:37 | Create | Villager (Male) |
| 22:02 | Create | Villager (Male) |
| 22:28 | Build | Town Center |
| 22:35 | Create | Villager (Male) |
| 23:21 | Build | Town Center |
| 23:25 | Create | Villager (Male) |
| 23:26 | Create | Villager (Male) |
| 23:59 | Research | Squires |
| 23:59 | Research | Pikeman (upgrade) |
| 24:00 | Create | Spearman |
| 24:00 | Create | Spearman |
| 24:14 | Create | Villager (Male) |
| 24:14 | Create | Villager (Male) |
| 24:22 | Create | Villager (Male) |
| 24:22 | Create | Villager (Male) |
| 24:22 | Create | Villager (Male) |
| 24:22 | Create | Villager (Male) |
| 24:23 | Create | Villager (Male) |
| 24:23 | Create | Villager (Male) |
| 24:37 | Build | Farm |
| 24:52 | Create | Villager (Male) |
| 24:52 | Create | Villager (Male) |
| 24:56 | Create | Villager (Male) |
| 24:56 | Create | Villager (Male) |
| 24:56 | Create | Villager (Male) |
| 25:03 | Build | House |
| 25:04 | Build | House |
| 25:06 | Build | House |
| 25:33 | Create | Villager (Male) |
| 25:34 | Create | Villager (Male) |
| 25:34 | Create | Villager (Male) |
| 25:50 | Build | Siege Workshop |
| 25:56 | Build | Siege Workshop |
| 25:58 | Build | Siege Workshop |
| 26:11 | Create | Villager (Male) |
| 26:12 | Research | Wheelbarrow |
| 26:13 | Create | Villager (Male) |
| 26:24 | Create | Villager (Male) |
| 26:24 | Create | Villager (Male) |
| 26:30 | Build | Farm |
| 26:31 | Build | Farm |
| 26:35 | Build | Farm |
Build order — Sushi
First 150 of 247 actions detected
| 0:14 | Build | House |
| 0:16 | Build | House |
| 0:39 | Create | Villager (Male) |
| 0:39 | Create | Villager (Male) |
| 0:40 | Create | Villager (Male) |
| 0:40 | Create | Villager (Male) |
| 0:40 | Create | Villager (Male) |
| 0:40 | Create | Villager (Male) |
| 1:46 | Create | Villager (Male) |
| 2:05 | Build | House |
| 2:13 | Build | House |
| 2:39 | Build | Lumber Camp |
| 3:15 | Create | Villager (Male) |
| 3:17 | Create | Villager (Male) |
| 6:45 | Build | Mill |
| 6:48 | Create | Villager (Male) |
| 7:15 | Create | Villager (Male) |
| 8:00 | Research | Feudal Age |
| 10:10 | Age | Feudal Age |
| 10:25 | Research | Wheelbarrow |
| 10:26 | Create | Villager (Male) |
| 10:26 | Create | Villager (Male) |
| 10:27 | Create | Villager (Male) |
| 10:27 | Create | Villager (Male) |
| 10:27 | Create | Villager (Male) |
| 10:54 | Build | Farm |
| 11:06 | Build | Farm |
| 11:13 | Create | Villager (Male) |
| 11:13 | Create | Villager (Male) |
| 11:14 | Create | Villager (Male) |
| 11:14 | Create | Villager (Male) |
| 11:36 | Build | House |
| 11:47 | Build | Mining Camp |
| 12:07 | Create | Villager (Male) |
| 12:07 | Create | Villager (Male) |
| 12:08 | Create | Villager (Male) |
| 12:32 | Research | Double-Bit Axe |
| 13:12 | Build | House |
| 13:23 | Build | Farm |
| 13:51 | Build | Farm |
| 14:23 | Build | Farm |
| 14:26 | Build | Farm |
| 15:19 | Research | Gold Mining |
| 15:20 | Research | Stone Mining |
| 15:30 | Build | Farm |
| 16:41 | Build | Barracks |
| 16:52 | Build | Blacksmith |
| 17:04 | Build | Blacksmith |
| 17:30 | Create | Villager (Male) |
| 17:31 | Create | Villager (Male) |
| 17:32 | Create | Villager (Male) |
| 17:33 | Create | Villager (Male) |
| 17:33 | Create | Villager (Male) |
| 18:34 | Build | Mining Camp |
| 18:41 | Research | Padded Archer Armor |
| 18:43 | Research | Fletching |
| 18:44 | Research | Forging |
| 19:25 | Build | Market |
| 20:11 | Create | Villager (Male) |
| 20:18 | Build | Farm |
| 20:27 | Build | Farm |
| 20:33 | Build | Farm |
| 20:47 | Build | Farm |
| 21:05 | Create | Trade Cart |
| 21:05 | Create | Trade Cart |
| 21:05 | Create | Trade Cart |
| 21:05 | Create | Trade Cart |
| 21:06 | Create | Trade Cart |
| 21:06 | Create | Trade Cart |
| 21:06 | Create | Trade Cart |
| 21:06 | Create | Trade Cart |
| 21:07 | Create | Trade Cart |
| 21:13 | Build | House |
| 21:15 | Build | House |
| 21:16 | Build | House |
| 21:18 | Build | House |
| 21:20 | Build | House |
| 21:23 | Build | House |
| 21:42 | Create | Villager (Male) |
| 21:42 | Create | Villager (Male) |
| 21:42 | Create | Villager (Male) |
| 21:42 | Create | Villager (Male) |
| 21:43 | Create | Villager (Male) |
| 22:31 | Research | Scale Barding Armor |
| 22:31 | Research | Scale Mail Armor |
| 23:05 | Build | Archery Range |
| 24:09 | Create | Archer |
| 24:09 | Create | Archer |
| 24:09 | Create | Archer |
| 24:35 | Build | House |
| 24:44 | Build | Stable |
| 25:57 | Research | Castle Age |
| 27:13 | Build | Barracks |
| 28:13 | Build | Mill |
| 28:36 | Build | House |
| 28:37 | Age | Castle Age |
| 28:43 | Research | Hand Cart |
| 28:44 | Create | Villager (Male) |
| 28:44 | Create | Villager (Male) |
| 28:44 | Create | Villager (Male) |
| 28:44 | Create | Villager (Male) |
| 28:45 | Create | Villager (Male) |
| 28:45 | Create | Villager (Male) |
| 28:45 | Create | Villager (Male) |
| 28:45 | Create | Villager (Male) |
| 29:08 | Build | Town Center |
| 29:47 | Build | Castle |
| 30:08 | Research | Pikeman (upgrade) |
| 30:09 | Research | Squires |
| 30:15 | Create | Knight |
| 30:15 | Create | Knight |
| 30:42 | Create | Archer |
| 30:43 | Create | Archer |
| 30:43 | Create | Archer |
| 30:43 | Create | Archer |
| 30:43 | Create | Archer |
| 30:43 | Create | Archer |
| 30:44 | Create | Archer |
| 30:44 | Create | Archer |
| 30:44 | Create | Archer |
| 30:44 | Create | Archer |
| 30:44 | Create | Archer |
| 30:44 | Create | Archer |
| 30:45 | Create | Archer |
| 30:47 | Research | Crossbowman (upgrade) |
| 31:38 | Research | Arson |
| 31:38 | Create | Spearman |
| 31:39 | Create | Spearman |
| 31:39 | Create | Spearman |
| 31:39 | Create | Spearman |
| 31:39 | Create | Spearman |
| 31:39 | Create | Spearman |
| 31:40 | Create | Spearman |
| 31:58 | Build | House |
| 32:01 | Build | House |
| 32:02 | Build | House |
| 32:04 | Build | House |
| 32:06 | Build | House |
| 32:09 | Build | House |
| 32:10 | Build | House |
| 32:12 | Build | House |
| 32:27 | Create | Trade Cart |
| 32:28 | Create | Trade Cart |
| 32:28 | Create | Trade Cart |
| 32:30 | Research | Caravan |
| 32:47 | Create | Throwing Axeman |
| 32:47 | Create | Throwing Axeman |
| 32:47 | Create | Throwing Axeman |
| 32:47 | Create | Throwing Axeman |
| 33:45 | Build | Town Center |
Build order — romandoinov21
First 150 of 215 actions detected
| 0:03 | Build | House |
| 0:05 | Build | House |
| 0:06 | Create | Villager (Male) |
| 0:07 | Create | Villager (Male) |
| 0:07 | Create | Villager (Male) |
| 0:07 | Create | Villager (Male) |
| 0:35 | Build | House |
| 0:38 | Build | House |
| 1:41 | Create | Villager (Male) |
| 2:17 | Create | Villager (Male) |
| 3:12 | Create | Villager (Male) |
| 3:12 | Create | Villager (Male) |
| 3:31 | Create | Villager (Male) |
| 3:43 | Create | Villager (Male) |
| 3:46 | Create | Villager (Male) |
| 4:45 | Build | Lumber Camp |
| 5:00 | Create | Villager (Male) |
| 5:13 | Create | Villager (Male) |
| 6:11 | Create | Villager (Male) |
| 6:11 | Create | Villager (Male) |
| 7:20 | Create | Villager (Male) |
| 7:23 | Create | Villager (Male) |
| 7:24 | Create | Villager (Male) |
| 7:55 | Build | Mill |
| 8:11 | Create | Villager (Male) |
| 9:00 | Create | Villager (Male) |
| 9:31 | Build | House |
| 9:33 | Build | House |
| 9:42 | Research | Feudal Age |
| 11:22 | Build | Barracks |
| 11:39 | Build | Mining Camp |
| 12:35 | Build | Market |
| 12:45 | Build | Blacksmith |
| 13:08 | Research | Double-Bit Axe |
| 13:41 | Build | Mining Camp |
| 14:50 | Research | Castle Age |
| 15:32 | Build | Farm |
| 15:32 | Build | Farm |
| 15:33 | Build | Farm |
| 15:34 | Build | Farm |
| 15:35 | Build | Farm |
| 15:36 | Build | Farm |
| 16:07 | Build | Farm |
| 17:04 | Create | Villager (Male) |
| 17:04 | Create | Villager (Male) |
| 17:05 | Create | Villager (Male) |
| 17:05 | Create | Villager (Male) |
| 17:06 | Create | Villager (Male) |
| 17:35 | Build | Town Center |
| 18:33 | Research | Horse Collar |
| 18:46 | Create | Villager (Male) |
| 18:46 | Create | Villager (Male) |
| 18:46 | Create | Villager (Male) |
| 18:46 | Create | Villager (Male) |
| 18:48 | Create | Villager (Male) |
| 19:34 | Create | Villager (Male) ×3 |
| 19:48 | Build | Town Center |
| 20:17 | Create | Villager (Male) |
| 20:19 | Create | Villager (Male) |
| 20:20 | Create | Villager (Male) |
| 21:07 | Build | Castle |
| 21:22 | Create | Villager (Male) |
| 21:23 | Create | Villager (Male) |
| 21:24 | Create | Villager (Male) |
| 21:24 | Create | Villager (Male) |
| 21:40 | Build | Farm |
| 21:41 | Build | Farm |
| 21:41 | Build | Farm |
| 21:41 | Build | Farm |
| 21:41 | Build | Farm |
| 21:42 | Build | Farm |
| 21:42 | Build | Farm |
| 21:45 | Build | Farm |
| 21:45 | Build | Farm |
| 21:46 | Build | Farm |
| 21:46 | Build | Farm |
| 21:46 | Build | Farm |
| 21:46 | Build | Farm |
| 21:53 | Research | Loom |
| 21:53 | Research | Loom |
| 21:59 | Create | Villager (Male) |
| 21:59 | Create | Villager (Male) |
| 23:06 | Build | Barracks |
| 23:08 | Build | Barracks |
| 23:25 | Create | Villager (Male) |
| 23:25 | Create | Villager (Male) |
| 23:26 | Create | Villager (Male) |
| 23:26 | Create | Villager (Male) |
| 23:26 | Create | Villager (Male) |
| 23:26 | Create | Villager (Male) |
| 23:27 | Create | Villager (Male) |
| 23:27 | Create | Villager (Male) |
| 23:27 | Create | Villager (Male) |
| 23:28 | Create | Villager (Male) |
| 23:58 | Research | Bow Saw |
| 24:13 | Research | Heavy Plow |
| 24:29 | Create | Villager (Male) |
| 24:30 | Create | Villager (Male) |
| 24:30 | Create | Villager (Male) |
| 24:42 | Build | Farm |
| 24:42 | Build | Farm |
| 24:43 | Build | Farm |
| 24:45 | Build | Farm |
| 24:50 | Build | Farm |
| 25:06 | Build | Farm |
| 25:32 | Build | Siege Workshop |
| 25:35 | Build | Siege Workshop |
| 25:43 | Research | Pikeman (upgrade) |
| 25:55 | Research | Scale Mail Armor |
| 26:07 | Create | Berserk |
| 26:08 | Create | Villager (Male) |
| 26:08 | Create | Villager (Male) |
| 26:08 | Create | Villager (Male) |
| 26:08 | Create | Villager (Male) |
| 26:08 | Create | Villager (Male) |
| 26:09 | Create | Villager (Male) |
| 26:09 | Create | Villager (Male) |
| 26:30 | Build | House |
| 26:31 | Build | House |
| 26:32 | Build | House |
| 26:33 | Build | House |
| 26:34 | Build | House |
| 26:38 | Build | House |
| 26:40 | Build | House |
| 26:41 | Build | House |
| 26:42 | Build | House |
| 26:43 | Build | House |
| 26:44 | Build | House |
| 26:46 | Build | House |
| 26:52 | Create | Villager (Male) |
| 26:53 | Create | Villager (Male) |
| 26:53 | Create | Villager (Male) |
| 26:53 | Create | Villager (Male) |
| 26:53 | Create | Villager (Male) |
| 26:54 | Create | Villager (Male) |
| 26:54 | Create | Villager (Male) |
| 27:10 | Build | Farm |
| 27:10 | Build | Farm |
| 27:10 | Build | Farm |
| 27:10 | Build | Farm |
| 27:11 | Build | Farm |
| 27:39 | Create | Battering Ram |
| 27:40 | Create | Battering Ram |
| 27:41 | Create | Battering Ram |
| 27:48 | Create | Battering Ram |
| 27:48 | Create | Battering Ram |
| 28:21 | Build | Mill |
| 28:29 | Build | Farm |
| 28:29 | Build | Farm |
| 28:29 | Build | Farm |
Build order — Flashyy
First 150 of 421 actions detected
| 0:01 | Create | Villager (Male) |
| 0:01 | Create | Villager (Male) |
| 0:05 | Build | House |
| 0:07 | Build | House |
| 0:08 | Create | Villager (Male) |
| 0:08 | Create | Villager (Male) |
| 1:24 | Create | Villager (Male) |
| 1:24 | Create | Villager (Male) |
| 1:48 | Create | Villager (Male) |
| 2:09 | Create | Villager (Male) |
| 2:09 | Create | Villager (Male) |
| 2:09 | Create | Villager (Male) |
| 2:42 | Create | Villager (Male) |
| 2:42 | Create | Villager (Male) |
| 2:50 | Build | Lumber Camp |
| 3:37 | Create | Villager (Male) |
| 3:41 | Create | Villager (Male) |
| 3:47 | Create | Villager (Male) |
| 3:48 | Create | Villager (Male) |
| 4:10 | Create | Villager (Male) |
| 4:42 | Research | Loom |
| 4:42 | Create | Villager (Male) |
| 4:45 | Build | House |
| 5:05 | Build | House |
| 5:12 | Build | Mill |
| 5:14 | Create | Villager (Male) |
| 5:24 | Create | Villager (Male) |
| 5:34 | Build | House |
| 5:36 | Build | House |
| 5:58 | Create | Villager (Male) |
| 6:02 | Create | Villager (Male) |
| 6:16 | Create | Villager (Male) |
| 6:24 | Build | House |
| 6:33 | Build | Building 796 |
| 6:46 | Create | Villager (Male) |
| 6:51 | Build | Farm |
| 7:00 | Build | Mill |
| 7:17 | Build | Farm |
| 7:19 | Create | Villager (Male) |
| 7:51 | Build | House |
| 8:04 | Build | House |
| 8:08 | Build | House |
| 8:10 | Create | Villager (Male) |
| 8:34 | Create | Villager (Male) |
| 8:35 | Create | Villager (Male) |
| 8:44 | Build | House |
| 8:47 | Build | House |
| 8:49 | Create | Villager (Male) |
| 8:53 | Create | Villager (Male) |
| 8:56 | Build | Farm |
| 8:58 | Create | Villager (Male) |
| 9:12 | Create | Villager (Male) |
| 9:25 | Build | House |
| 9:27 | Build | House |
| 9:50 | Research | Feudal Age |
| 9:51 | Create | Villager (Male) |
| 10:14 | Create | Villager (Male) |
| 10:14 | Create | Villager (Male) |
| 10:24 | Create | Villager (Male) |
| 10:30 | Build | Mining Camp |
| 11:06 | Create | Villager (Male) |
| 11:26 | Create | Villager (Male) |
| 11:53 | Create | Villager (Male) |
| 11:57 | Build | House |
| 11:58 | Build | House |
| 11:59 | Build | House |
| 12:01 | Create | Villager (Male) |
| 12:17 | Age | Feudal Age |
| 12:18 | Research | Double-Bit Axe |
| 12:19 | Research | Horse Collar |
| 12:27 | Build | Farm |
| 12:27 | Build | Farm |
| 12:27 | Build | Farm |
| 12:29 | Create | Villager (Male) |
| 12:37 | Create | Villager (Male) |
| 12:40 | Build | Farm |
| 12:41 | Build | Farm |
| 12:43 | Build | Farm |
| 12:56 | Create | Villager (Male) |
| 13:09 | Build | Market |
| 13:13 | Create | Villager (Male) |
| 13:22 | Build | House |
| 13:31 | Build | House |
| 13:34 | Create | Villager (Male) |
| 13:39 | Create | Villager (Male) |
| 13:48 | Build | Blacksmith |
| 13:59 | Build | Blacksmith |
| 14:02 | Create | Villager (Male) |
| 14:02 | Create | Villager (Male) |
| 14:16 | Create | Villager (Male) |
| 14:22 | Create | Villager (Male) |
| 14:32 | Build | Farm |
| 14:34 | Create | Villager (Male) |
| 14:39 | Build | Farm |
| 14:39 | Build | Farm |
| 14:39 | Build | Farm |
| 14:41 | Build | Farm |
| 14:50 | Build | Farm |
| 15:00 | Create | Villager (Male) |
| 15:12 | Create | Villager (Male) |
| 15:16 | Build | Farm |
| 15:30 | Create | Villager (Male) |
| 15:38 | Build | Farm |
| 15:38 | Build | Farm |
| 15:59 | Create | Villager (Male) |
| 16:11 | Build | House |
| 16:37 | Research | Castle Age |
| 16:41 | Build | Farm |
| 16:41 | Build | Farm |
| 16:48 | Build | Farm |
| 16:52 | Build | Farm |
| 16:56 | Build | House |
| 17:34 | Build | House |
| 17:35 | Build | House |
| 18:04 | Create | Villager (Male) |
| 18:04 | Create | Villager (Male) |
| 18:25 | Research | Padded Archer Armor |
| 18:28 | Research | Forging |
| 18:55 | Create | Villager (Male) |
| 18:55 | Create | Villager (Male) |
| 19:17 | Age | Castle Age |
| 19:26 | Build | Town Center |
| 19:28 | Create | Villager (Male) |
| 19:29 | Create | Villager (Male) |
| 19:39 | Build | Town Center |
| 19:40 | Create | Villager (Male) |
| 19:40 | Create | Villager (Male) |
| 19:45 | Research | Bow Saw |
| 19:46 | Research | Heavy Plow |
| 19:51 | Research | Fletching |
| 19:54 | Create | Villager (Male) |
| 19:55 | Create | Villager (Male) |
| 20:08 | Create | Villager (Male) |
| 20:08 | Create | Villager (Male) |
| 20:26 | Research | Gold Mining |
| 20:31 | Create | Villager (Male) |
| 20:33 | Create | Villager (Male) |
| 20:33 | Create | Villager (Male) |
| 20:46 | Create | Villager (Male) |
| 20:46 | Create | Villager (Male) |
| 20:54 | Create | Villager (Male) |
| 20:56 | Research | Wheelbarrow |
| 20:59 | Create | Villager (Male) |
| 20:59 | Create | Villager (Male) |
| 21:12 | Create | Villager (Male) |
| 21:12 | Create | Villager (Male) |
| 21:31 | Research | Stone Mining |
| 22:02 | Create | Villager (Male) |
| 22:02 | Create | Villager (Male) |
| 22:17 | Create | Villager (Male) |
Match timeline
| 9:52 | apfelkuchen123 · first_building Barracks |
| 10:10 | Sushi · age_up feudal |
| 11:22 | romandoinov21 · first_building Barracks |
| 12:17 | Flashyy · age_up feudal |
| 13:54 | apfelkuchen123 · age_up feudal |
| 14:45 | romandoinov21 · first_market_sell 100 wood |
| 16:41 | Sushi · first_building Barracks |
| 17:10 | apfelkuchen123 · first_building Archery Range |
| 19:17 | Flashyy · age_up castle |
| 19:30 | apfelkuchen123 · age_up castle |
| 21:07 | romandoinov21 · first_building Castle |
| 22:43 | Flashyy · first_building Monastery |
| 23:05 | Sushi · first_building Archery Range |
| 24:37 | Flashyy · first_market_sell 100 food |
| 24:44 | Sushi · first_building Stable |
| 25:00 | Flashyy · first_building Castle |
| 25:32 | romandoinov21 · first_building Siege Workshop |
| 25:50 | apfelkuchen123 · first_building Siege Workshop |
| 27:23 | apfelkuchen123 · first_building Castle |
| 27:49 | apfelkuchen123 · first_building Monastery |
| 28:37 | Sushi · age_up castle |
| 29:47 | Sushi · first_building Castle |
| 30:12 | apfelkuchen123 · first_market_sell 100 wood |
| 32:41 | Flashyy · age_up imperial |
| 33:33 | romandoinov21 · first_building Stable |
| 37:18 | apfelkuchen123 · age_up imperial |
| 39:34 | romandoinov21 · resign |
| 43:17 | Sushi · first_market_buy 100 stone |
[ AI ANALYSIS · 1 CREDIT ]
What really happened in this match?
Wolo.gg analyzes every decision: build order, eco, micro, common mistakes by bracket. Personalized analysis on WhatsApp or Discord in 30 seconds.
Civ guide
Romans
Map guide
Arena
Perfil
apfelkuchen123